 Dungeon Crawl Stone Soup version 0.31.0-12-g77e489cdc1 (webtiles) character file.

Game seed: 4945631102889919040

57 Arctor the Firebug (level 3, -5/19 HPs)
             Began as a Deep Elf Fire Elementalist on Feb 13, 2024.
             Slain by Sigmund
             ... wielding a +0 scythe
              (9 damage)
             ... on level 2 of the Dungeon.
             The game lasted 00:01:38 (1911 turns).

Arctor the Firebug (Deep Elf Fire Elementalist)     Turns: 1911, Time: 00:01:38

Health: -5/19      AC:  2    Str:  5    XL:     3   Next: 73%
Magic:  8/10       EV: 13    Int: 21    God:
Gold:   75         SH:  0    Dex: 15    Spells: 6/9 levels left

rFire   . . .        (no weapon)
rCold   . . .        (no shield)
rNeg    . . .        a - +0 robe
rPois   .            (no helmet)
rElec   .            (no cloak)
rCorr   .            (no gloves)
SInv    .            (no boots)
Will    .....        (no amulet)
Stlth   +            (no ring)
HPRegen 0.23/turn    (no ring)
MPRegen 0.12/turn

%: no passive effects
@: confused
A: no striking features
a: no special abilities


You were on level 2 of the Dungeon.
You visited 1 branch of the dungeon, and saw 2 of its levels.

You collected 75 gold pieces.

Inventory:

Armour
 a - a +0 robe (worn)
Magical Staves
 h - a staff of earth
Scrolls
 c - a scroll of identify {unknown}
Potions
 b - a potion of magic
 d - a potion of haste {unknown}
 e - a potion of ambrosia {unknown}
 f - 2 potions of mutation {unknown}
 g - a potion of cancellation {unknown}


   Skills:
 + Level 3.0 Dodging
 + Level 3.2 Stealth
 + Level 3.6 Spellcasting
 + Level 2.0 Conjurations
 + Level 3.8 Fire Magic


You had 6 spell levels left.
You knew the following spells:

 Your Spells              Type           Power      Damage    Failure   Level
a - Foxfire               Conj/Fire      64%        2x1d7     3%          1
b - Scorch                Fire           38%        2d6       4%          2

Your spell library contained the following spells:

 Spells                   Type           Power      Damage    Failure   Level
 Sandblast                Erth           6%         2d5       13%         1
 Inner Flame              Hex/Fire       11%        N/A       17%         3
 Volatile Blastmotes      Fire/Tloc      22%        2d11      17%         3
 Stone Arrow              Conj/Erth      16%        3d8       26%         3
 Passwall                 Erth           3%         N/A       36%         3
 Flame Wave               Conj/Fire      16%        2d7       36%         4
 Brom's Barrelling Bould  Conj/Erth      8%         2d3       63%         4


Dungeon Overview and Level Annotations

Branches:
Dungeon (2/15)

Altars:

Shops:
D:2 (

Annotations:
D:1 2 transporters
D:2 Sigmund


Message History

A magic dart appears from out of thin air!
The magic dart hits you.
You're too confused to cast spells.
Sorry, you're not good enough to have a special ability.
You hear a zap.
Something tries to affect you, but you resist.
You're too confused to cast spells.
Sorry, you're not good enough to have a special ability.
You're too confused to cast spells.
Sorry, you're not good enough to have a special ability.
A magic dart appears from out of thin air!
The magic dart hits you.
* * * LOW HITPOINT WARNING * * *
You're too confused to cast spells.
Sorry, you're not good enough to have a special ability.
You feel less confused. Something barely misses you.
Casting: Foxfire (safe; 3% risk of failure)
Confirm with . or Enter, or press ? or * to list all spells.
You conjure some foxfire!
The foxfire hits something. x2
You hear some strange, mumbled words.
You are confused.
You're too confused to cast spells.
Sorry, you're not good enough to have a special ability.
You're too confused to move!
You hear some strange, mumbled words.
A puff of flame appears from out of thin air!
The puff of flame misses you.
You're too confused to cast spells.
Sorry, you're not good enough to have a special ability.
You hear some strange, mumbled words.
You are more confused.
You're too confused to cast spells.
Sorry, you're not good enough to have a special ability.
Something hits you.
* * * LOW HITPOINT WARNING * * *
You see here a ball python corpse.
You miss something. Something hits you!
You die...

.......##...# #.#
.########...# #.#
............# #####.#
.......#....# #.....#
.......#.##########
###.#####
.......#.###......###...#
..........)..)........###
.......#.##).......####
.......#.###..>.@.##
.......#.# #....{.#
.......#.# #......#
.......#.# #......#
.......#.# #......#
########+# #.............
###.##........ #.
#........ #. .########


There were no monsters in sight!

Vanquished Creatures
  Jessica (D:2)
  3 bats (D:1)
  3 endoplasms
  2 goblins
  3 hobgoblins (D:1)
  3 quokkas (D:1)
  2 ball pythons
  3 frilled lizards
  5 kobolds (D:1)
  5 rats
30 creatures vanquished.

Vanquished Creatures (others)
  162 foxfires
162 creatures vanquished.

Grand Total: 192 creatures vanquished

Notes
Turn   | Place    | Note
-------+----------+-------------------------------------------
     0 | D:1      | Arctor the Deep Elf Fire Elementalist began the quest for
                  | the Orb.
     0 | D:1      | Reached XP level 1. HP: 10/10 MP: 6/6
   418 | D:1      | Reached XP level 2. HP: 15/15 MP: 5/8
   421 | D:1      | Learned a level 2 spell: Scorch
  1491 | D:2      | Reached XP level 3. HP: 17/19 MP: 6/9
  1543 | D:2      | Found Qeyfomad's Antique Weapon Shoppe.
  1646 | D:2      | Noticed Jessica
  1650 | D:2      | Killed Jessica
  1851 | D:2      | Noticed Sigmund
  1911 | D:2      | Slain by Sigmund

Illustrated notes

Levels and vault maps discovered:
D:1:      spicycebolla_arrival_transporter_tutorial, layout_loops_ring,
          minmay_heptomino_h4
D:2:      layout_basic, serial_shops, shop_fountains, uniq_jessica, uniq_sigmund

Skill      XL: |  1  2  3 |
---------------+----------+-----
Stealth        | 3 |  3.2
Dodging        | 3 |  3.0
Conjurations   | 2 |  2.0
Spellcasting   | |  3.6
Fire Magic     | |  3.8

Action                     || total
---------------------------++-------
  Melee: Unarmed           ||     5
   Cast: Foxfire           ||    99
         Scorch            ||     2
    Use: Scroll            ||     2
 Armour: Robe              ||    11
  Dodge: Dodged            ||    10
